Unix NetHack Version 3.7.0-59 Work-in-progress - last build May 22 2022 07:16:55 (d83f55cc88dfe54b56df59a0ae15379164b6fae3,branch:master). Game began 2022-05-21 21:03:01, ended 2022-05-22 09:45:45. Arasaka, neutral female gnomish Healer --- ------ ---- ---.-- --....-- --..| ----....| --......| ----...-- |.......| --......-----....|..| ---.G....-- --- ---.............------- --------- --- |......@.| --.--|......^....----- --...|...-------------.--# ###|.......f---...--.............| ---....|...................-#-# ---FF...............-.|.......| |....|...------------........-#-------............-...--......| ------.|..|.--- ---.......*.......-- |..--....................----- |......|....| ----..................--------.......--..--........--.---- ---..----|.---- |.......................................----....)........-- |.....---|.| |....|.--.....----.....-#-.....----.....-- |.---..........| |........|.| |..-------...-- --....[...----- |-.....| --- |.........-- --......<..| --------...--- |......#-| |.....-| |........-| |.....[...| |.....--- -- --......#.-- --.....-- --.........-- |........-- --.----- |..............| ------.-- |...........| --.---.--- |..| |......#....##.| |..| |...|......-- -- --- |..| --.|..---.-###-- ---- --.---.----- ---- ----- --- --- --- Arasaka the Rhizotomist St:7 Dx:11 Co:16 In:10 Wi:14 Ch:17 Neutral Dlvl:4 $:2030 HP:0(17) Pw:2(7) AC:6 Xp:1/1 T:1915 Latest messages: H - an orange gem. Behemoth misses it. Behemoth bites the fox. The fox is killed! I - a food ration. You see here a gray stone. In what direction? You see here a gray stone. J - a gray stone. What do you want to use or apply? [ch-knpu-wEJ or ?*] What do you want to rub on the stone? [$a-dg-lnpsu-wyzC-J or ?*] You make scratch marks on the stone. What do you want to call? [bdg-knpsu-wyzC-HJ or ?*] Talk to whom? (in what direction) Behemoth purrs. Behemoth bites the coyote. The coyote bites Behemoth. The coyote bites! Behemoth misses the coyote. The coyote bites! Behemoth bites the coyote. The coyote is killed! What do you want to use or apply? [ch-knpu-wEJ or ?*] In what direction? Status of Behemoth (neutral): Level 7 HP 34(51) AC 4, tame. In what direction? Behemoth looks better. Behemoth bites the gnome lord. Behemoth bites the gnome lord. The gnome lord misses Behemoth. The coyote bites! Behemoth misses the gnome lord. What do you want to write with? [- ahnu-wzCDHJ or ?*] You write in the dust with your fingertip. The coyote misses! Behemoth misses the coyote. The coyote bites! Behemoth bites the coyote. The coyote is killed! Behemoth eats a coyote corpse. What do you want to write with? [- ahnu-wzCDHJ or ?*] Do you want to add to the current engraving? [ynq] (y) You wipe out the message that was written in the dust here. You write in the dust with your fingertip. There is a staircase down here. Something is written here in the dust. You read: "Elbe\eth". What do you want to drink? [dgG or ?*] This burns like acid! You die... Major events: Turn 1: Arasaka the neutral male gnomish Healer entered the dungeon 1239: entered the Gnomish Mines 1915: killed by a potion of acid Inventory: Coins ('$') $ - 2030 gold pieces Weapons (')') a - an uncursed +0 scalpel Armor ('[') F - an uncursed +0 elven leather helm (being worn) b - an uncursed +1 pair of leather gloves (being worn) s - an uncursed +0 pair of water walking boots (being worn) Comestibles ('%') l - 6 uncursed apples I - an uncursed food ration Scrolls ('?') y - a cursed scroll of enchant armor Spellbooks ('+') p - an uncursed spellbook of cure blindness j - a blessed spellbook of extra healing i - a blessed spellbook of healing k - a blessed spellbook of stone to flesh Potions ('!') g - 3 uncursed potions of extra healing d - a blessed potion of healing Wands ('/') n - an uncursed wand of light (0:9) w - an uncursed wand of sleep (0:8) h - an uncursed wand of sleep (0:6) v - an uncursed wand of slow monster (0:5) u - an uncursed wand of teleportation (0:6) Tools ('(') E - a blessed oil lamp c - an uncursed stethoscope Gems/Stones ('*') C - an uncursed garnet stone z - 2 uncursed worthless pieces of orange glass H - an uncursed worthless piece of orange glass D - a cursed worthless piece of yellow glass J - an uncursed flint stone Arasaka the Healer's attributes: Background: You were a Rhizotomist, a level 1 female gnomish Healer. You were neutral, on a mission for Hermes who was opposed by Athena (lawful) and Poseidon (chaotic). You started out male. You were in the Gnomish Mines, on level 4. You entered the dungeon 1915 turns ago. You had 1 experience point, 19 more were needed to attain level 2. Basics: You had 0 out of 17 hit points. You had 2 out of 7 energy points (spell power). Your armor class was 6. Your wallet contained 2030 zorkmids. Autopickup was on for '$"?' plus thrown, with exceptions. Final Characteristics: Your strength was 7 (limit:18/50). Your dexterity was 11 (limit:18). Your constitution was 16 (limit:18). Your intelligence was 10 (limit:19). Your wisdom was 14 (limit:18). Your charisma was 17 (limit:18). Final Status: You were not hungry. You were unencumbered. You were empty handed. You were unskilled in bare handed combat. Final Attributes: You were fervently aligned. You were poison resistant. You had infravision. You could walk on water. You are dead. Miscellaneous: You disabled loading of bones levels. Total elapsed playing time was 12 minutes and 30 seconds. Vanquished creatures: a shrieker 2 dwarves an acid blob 3 coyotes a hobbit 3 giant rats 2 gnomes 3 geckos 3 jackals 2 foxes a kobold a goblin 5 sewer rats 4 grid bugs 2 bats 3 lichens 7 newts 44 creatures vanquished. No species were genocided or became extinct. Voluntary challenges: You read items or engraved 9 times. You engraved Elbereth 1 time. You never genocided any monsters. You never polymorphed an object. You never changed form. You used no wishes. Achievement: You entered the Gnomish Mines. The Dungeons of Doom: levels 1 to 4 Level 1: Level 2: A fountain, a sink. Level 3: "v" An altar, a fountain. Stairs down to The Gnomish Mines. Level 4: The Gnomish Mines: Level 4: <- You were here. Final resting place for you, killed by a potion of acid. Game over: ---------- / \ / REST \ / IN \ / PEACE \ / \ | Arasaka | | 2030 Au | | killed by a | | potion of acid | | | | | | 2022 | *| * * * | * _________)/\\_//(\/(/\)/\//\/|_)_______ Goodbye Arasaka the Healer... You died in The Gnomish Mines on dungeon level 4 with 212 points, and 2030 pieces of gold, after 1915 moves. You were level 1 with a maximum of 17 hit points when you died.